 Dungeon Crawl Stone Soup version 0.21.1 (webtiles) character file.

75 garbagetei the Charmwright (level 4, 0/38 HPs)
             Began as a Gnoll Skald on Feb 2, 2018.
             Slain by a leopard gecko (3 damage)
             ... on level 3 of the Dungeon.
             The game lasted 00:03:59 (2089 turns).

garbagetei the Charmwright (Gnoll Skald)            Turns: 2089, Time: 00:03:59

Health: 0/38       AC:  3    Str: 14    XL:     4   Next: 31%
Magic:  11/11      EV: 14    Int: 16    God:
Gold:   117        SH:  0    Dex: 14    Spells: 5/13 levels left

rFire    . . .     SeeInvis .   q - -1 hunting sling (curse)
rCold    . . .     Gourm    .   (no shield)
rNeg     . . .     Faith    .   b - +0 leather armour
rPois    .         Spirit   .   (no helmet)
rElec    .         Reflect  .   (no cloak)
rCorr    .         Harm     .   (no gloves)
MR       +....                  (no boots)
Stlth    +.........             (no amulet)
HPRegen  0.12/turn              h - ring of protection from magic (curse)
MPRegen  0.12/turn              (no ring)

@: no status effects
A: distributed training, fangs 1, strong nose
a: no special abilities


You were on level 3 of the Dungeon.
You were hungry.

You visited 1 branch of the dungeon, and saw 4 of its levels.

You collected 117 gold pieces.

Inventory:

Hand Weapons
 a - a +0 mace
 q - a cursed -1 hunting sling (weapon)
Missiles
 e - 15 bolts
Armour
 b - a +0 leather armour (worn)
 j - a +0 buckler
Jewellery
 h - a cursed ring of protection from magic (left hand)
Scrolls
 g - 3 scrolls of magic mapping
 o - a scroll of amnesia
Potions
 f - a potion of curing
 i - a potion of magic {unknown}
 k - 3 potions of heal wounds {unknown}
 l - a potion of haste {unknown}
 n - a potion of mutation {unknown}
Books
 c - a book of Battle

   Spells                             Type                      Level
   a - Infusion                       Charms                       1
   b - Shroud of Golubria             Charms/Translocation         2
   c - Song of Slaying                Charms                       2
   d - Spectral Weapon                Hexes/Charms                 3
   e - Regeneration                   Charms/Necromancy            3
Comestibles
 d - 6 rations


   Skills:
 + Level 4.6 Fighting
 + Level 1.1 Short Blades
 + Level 1.1 Long Blades
 + Level 1.1 Axes
 + Level 4.6 Maces & Flails
 + Level 1.1 Polearms
 + Level 1.1 Staves
 + Level 1.1 Slings
 + Level 1.1 Bows
 + Level 1.1 Crossbows
 + Level 1.1 Throwing
 + Level 2.7 Armour
 + Level 4.6 Dodging
 + Level 1.1 Stealth
 + Level 1.1 Shields
 + Level 1.1 Unarmed Combat
 + Level 5.0 Spellcasting
 + Level 0.8 Conjurations
 + Level 0.8 Hexes
 + Level 5.4 Charms
 + Level 0.8 Summonings
 + Level 0.8 Necromancy
 + Level 0.8 Translocations
 + Level 0.8 Transmutations
 + Level 0.8 Fire Magic
 + Level 0.8 Ice Magic
 + Level 0.8 Air Magic
 + Level 0.8 Earth Magic
 + Level 0.8 Poison Magic
 + Level 1.2 Invocations
 + Level 1.1 Evocations


You had 5 spell levels left.
You knew the following spells:

 Your Spells              Type           Power        Failure   Level  Hunger
a - Infusion              Chrm           ###.         1%          1    None
b - Song of Slaying       Chrm           ###.....     3%          2    #......
c - Shroud of Golubria    Chrm/Tloc      ##........   8%          2    #......
d - Regeneration          Chrm/Necr      ##........   16%         3    ###....


Dungeon Overview and Level Annotations

Branches:
Dungeon (4/15)
 Temple: D:4-7

Altars:
Cheibriados

Annotations:
D:3 Andry07's ghost, weakling GrFi; Blork the orc


Innate Abilities, Weirdness & Mutations

Your experience applies equally to all skills.
You have very sharp teeth.
Your uncanny sense of smell can sniff out nearby items.


Message History

You clumsily bash the leopard gecko but do no damage.
You bite the leopard gecko, but do no damage.
The rat misses you. The leopard gecko misses you.
The rat completely misses you. The leopard gecko barely misses you.
You clumsily bash the leopard gecko but do no damage.
The leopard gecko closely misses you. The rat barely misses you.
You clumsily bash the leopard gecko but do no damage.
Your bite misses the leopard gecko. The leopard gecko barely misses you.
The rat bites you.
* * * LOW HITPOINT WARNING * * *
The leopard gecko bites you.
* * * LOW HITPOINT WARNING * * *
The rat closely misses you.
Unknown command.
You clumsily bash the leopard gecko but do no damage.
Your bite misses the leopard gecko. The leopard gecko misses you.
The rat closely misses you. The leopard gecko closely misses you.
You closely miss the leopard gecko. Your bite misses the leopard gecko.
The leopard gecko bites you.
You die...

**,** *,,,,,,,,.?,. *,*
*,****,,,,$#. *,* *,*
**...... *,**### *,*
*#.##.# *,,,.># *,* #.##.#
****#.# *,# #.##.#
#.####.# #.##r# #l#...,*
#.##.#
***######@#.#########.##.#
*,........r..............#
*,#########.#########.####
#.* #.# #.# #.* #.# #.#
#.* #.# #.# #.*
**###.#*#######.## #.*
*##......,....<....# *
#.###....#...*#######..###


You could see a leopard gecko and a rat.

Vanquished Creatures
  4 adders (D:2)
  A worm (D:2)
  A dart slug (D:2)
  A leopard gecko (D:2)
  5 bats
  A goblin (D:1)
  9 hobgoblins
  3 jackals
  A ball python (D:1)
  A frilled lizard (D:1)
  A kobold (D:2)
  8 rats
36 creatures vanquished.

Notes
Turn   | Place    | Note
-------+----------+-------------------------------------------
     0 | D:1      | garbagetei the Gnoll Skald began the quest for the Orb.
     0 | D:1      | Reached XP level 1. HP: 20/20 MP: 6/6
   143 | D:1      | Reached XP level 2. HP: 23/26 MP: 7/7
   164 | D:1      | Learned a level 2 spell: Song of Slaying
   370 | D:1      | Found a snail-covered altar of Cheibriados.
   844 | D:2      | Reached skill level 5 in Spellcasting
   844 | D:2      | Reached XP level 3. HP: 30/31 MP: 4/9
   953 | D:2      | Learned a level 2 spell: Shroud of Golubria
   957 | D:2      | Learned a level 3 spell: Regeneration
  1099 | D:2      | Reached skill level 1 in Invocations
  1414 | D:2      | Reached skill level 1 in Short Blades
  1414 | D:2      | Reached skill level 1 in Long Blades
  1414 | D:2      | Reached skill level 1 in Axes
  1414 | D:2      | Reached skill level 1 in Polearms
  1414 | D:2      | Reached skill level 1 in Staves
  1414 | D:2      | Reached skill level 1 in Slings
  1414 | D:2      | Reached skill level 1 in Bows
  1414 | D:2      | Reached skill level 1 in Crossbows
  1414 | D:2      | Reached skill level 1 in Throwing
  1414 | D:2      | Reached skill level 1 in Stealth
  1414 | D:2      | Reached skill level 1 in Shields
  1414 | D:2      | Reached skill level 1 in Unarmed Combat
  1414 | D:2      | Reached skill level 1 in Evocations
  1438 | D:2      | Reached XP level 4. HP: 34/38 MP: 8/11
  1950 | D:3      | Noticed Andry07's ghost (weakling GrFi)
  1997 | D:4      | Noticed Blork the orc
  2089 | D:3      | Slain by a leopard gecko

Skill      XL: |  1  2  3 |
---------------+----------+-----
Spellcasting   | 5 |  5.0
Invocations    | 1 |  1.2
Short Blades   | 1 |  1.1
Long Blades    | 1 |  1.1
Axes           | 1 |  1.1
Polearms       | 1 |  1.1
Staves         | 1 |  1.1
Slings         | 1 |  1.1
Bows           | 1 |  1.1
Crossbows      | 1 |  1.1
Throwing       | 1 |  1.1
Stealth        | 1 |  1.1
Shields        | 1 |  1.1
Unarmed Combat | 1 |  1.1
Evocations     | 1 |  1.1
Fighting       | |  4.6
Maces & Flails | |  4.6
Armour         | |  2.7
Dodging        | |  4.6
Conjurations   | |  0.8
Hexes          | |  0.8
Charms         | |  5.4
Summonings     | |  0.8
Necromancy     | |  0.8
Translocations | |  0.8
Transmutations | |  0.8
Fire Magic     | |  0.8
Ice Magic      | |  0.8
Air Magic      | |  0.8
Earth Magic    | |  0.8
Poison Magic   | |  0.8

Action                   |  1- 3 |  4- 6 || total
-------------------------+-------+-------++-------
Melee: Mace              |   102 |    33 ||   135
       Bite              |     9 |     7 ||    16
       Punch             |     1 |       ||     1
       Hunting sling     |       |    12 ||    12
 Cast: Infusion          |     3 |     2 ||     5
       Shroud of Golubri |     1 |       ||     1
  Use: Potion            |     1 |       ||     1
       Scroll            |       |     6 ||     6
 Stab: Sleeping          |     1 |       ||     1
  Eat: Chunk             |     2 |     1 ||     3
Armor: Leather armour    |    22 |    29 ||    51
Dodge: Dodged            |   123 |    95 ||   218
